 Dungeon Crawl Stone Soup version 0.17.2-1-ge4368a0 (webtiles) character file.

77 Goblin1989 the Skirmisher (level 4, 0/35 HPs)
             Began as a Human Enchanter on Jan 14, 2017.
             Was a Follower of Ru.
             Succumbed to a worker ant's poison
             ... on level 4 of the Dungeon.
             The game lasted 00:15:24 (914 turns).

Goblin1989 the Skirmisher (Human Enchanter)          Turns: 914, Time: 00:15:25

Health: 0/35       AC:  5    Str:  9    XL:     4   Next: 60%
Magic:  7/7        EV: 15    Int: 20    God:    Ru [*.....]
Gold:   70         SH:  0    Dex: 14    Spells: 1 memorised, 6 levels left

rFire  . . .     SeeInvis .     s - book of Hinderance
rCold  + . .     Clarity  .     b - +1 robe
rNeg   . . .     SustAt   .     (no shield)
rPois  .         Gourm    .     (no helmet)
rElec  .         Spirit   .     i - +1 cloak
rCorr  .         Warding  .     (no gloves)
rMut   .         Stasis   .     (no boots)
MR     .....                    (no amulet)
Stlth  ++........               p - +3 ring of evasion
                                c - ring of protection from cold

@: brilliant, lethally poisoned (0 -> -1), not resistant to hostile
enchantments, unstealthy
A: hated by all
a: Renounce Religion


You were on level 4 of the Dungeon.
You worshipped Ru.
Ru was aware of your devotion.
You were very hungry.

You visited 1 branch of the dungeon, and saw 4 of its levels.

You collected 70 gold pieces.

Inventory:

Hand Weapons
 a - a +1 dagger
 f - a +1 whip
Missiles
 m - 8 curare-tipped needles
 n - 8 poisoned needles
Armour
 b - a +1 robe (worn)
 i - a +1 cloak (worn)
 u - a +0 scale mail
Jewellery
 c - a ring of protection from cold (left hand)
 p - a +3 ring of evasion (right hand)
 t - a ring of teleportation
Books
 o - a book of Maledictions

   Spells                             Type                      Level
   a - Corona                         Hexes                        1
   b - Ensorcelled Hibernation        Hexes/Ice                    2
   c - Confuse                        Hexes                        3
   d - Tukima's Dance                 Hexes                        3
   e - Dazzling Spray                 Conjuration/Hexes            3
 s - a book of Hinderance (in hand)

   Spells                             Type                      Level
   a - Confusing Touch                Hexes                        2
   b - Confuse                        Hexes                        3
   c - Gell's Gravitas                Hexes/Translocation          3
   d - Petrify                        Transmutation/Earth          4
   e - Metabolic Englaciation         Hexes/Ice                    5
Comestibles
 d - 4 bread rations {@e1}
 h - 2 slices of pizza
 l - 3 fruits


   Skills:
 + Level 3.3 Fighting
 - Level 1.0 Short Blades
 * Level 1.6 Maces & Flails
 - Level 2.0 Dodging
 - Level 3.0 Stealth
 - Level 2.0 Spellcasting
 - Level 3.0 Hexes


You had 6 spell levels left.
You knew the following spells:

 Your Spells              Type           Power        Failure   Level  Hunger
a - Corona                Hex            ####...      1%          1    #......


Dungeon Overview and Level Annotations

Branches:
Dungeon (4/15)
 Temple: D:4-7

Altars:
Ru


Innate Abilities, Weirdness & Mutations

You are hated by all.


Message History

You swing at nothing.
You swing at nothing.
Your transformation is almost over.
* * * LOW HITPOINT WARNING * * *
You feel sick.
You swing at nothing.
You swing at nothing.
* * * LOW HITPOINT WARNING * * *
You feel sick.
You take 1 damage, and have 1/52 hp.
You swing at nothing.
You swing at nothing.
* * * LOW HITPOINT WARNING * * *
You feel sick.
You swing at nothing.
You swing at nothing.
You swing at nothing.
You feel less woody.
Your +1 cloak unmelds from your body.
Your +1 robe unmelds from your body.
You die...

█...███████████
█...█ ██.██ █.█
█████.██ ██......██
█........█
██.......█████████
█████.......†.@.█
███.......███.████
█.......█...█.....
█.......>....<....
█....███......██...█
█....█████....█ ...█
█................█..
█............<......
█....███.(...█..██


There were no monsters in sight!

Vanquished Creatures
  A worker ant (D:4)
  2 adders (D:3)
  A ball python (D:2)
  4 bats
  4 giant cockroaches
  4 goblins (D:1)
  5 hobgoblins
  4 kobolds
  2 quokkas
  2 giant newts
  5 rats
34 creatures vanquished.

Vanquished Creatures (others)
  An adder (D:4)
1 creature vanquished.

Grand Total: 35 creatures vanquished

Notes
Turn   | Place    | Note
--------------------------------------------------------------
     0 | D:1      | Goblin1989 the Human Enchanter began the quest for the Orb.
     0 | D:1      | Reached XP level 1. HP: 13/13 MP: 3/3
    59 | D:1      | Reached skill level 1 in Fighting
   147 | D:1      | Reached XP level 2. HP: 18/21 MP: 3/5
   348 | D:2      | Reached XP level 3. HP: 10/28 MP: 3/6
   403 | D:3      | Found a faded altar to an unknown god.
   416 | D:3      | Became a worshipper of Ru the Awakened
   422 | D:3      | Gained mutation: You are hated by all. [Ru sacrifice]
   422 | D:3      | Reached * piety under Ru
   704 | D:3      | HP: 1/29 [hobgoblin (3)]
   725 | D:3      | Reached XP level 4. HP: 14/35 MP: 7/7
   752 | D:3      | Reached skill level 1 in Maces & Flails
   905 | D:4      | HP: 2/52 [poisoned by a worker ant]
   911 | D:4      | HP: 1/52 [poisoned by a worker ant]
   914 | D:4      | Succumbed to a worker ant's poison

Action                   |  1- 3 |  4- 6 || total
-------------------------+-------+-------++-------
Melee: Dagger            |   116 |    36 ||   152
 Cast: Corona            |    21 |     7 ||    28
Invok: Sacrifice Love    |     1 |       ||     1
  Use: Scroll            |     3 |     3 ||     6
       Potion            |     1 |     4 ||     5
 Stab: Sleeping          |     2 |       ||     2

Vault maps used:
D:1:      eino_arrival_water_cross
D:3:      nicolae_ru_great_annihilating_truth, ecumenical_altar_2, first_bread,
          hangedman_glass_teeth, tgw_fedhas, uniq_robin, uniq_natasha,
          uniq_grinder
D:4:      zin_angel
